 Dungeon Crawl Stone Soup version 0.31-a0-818-ge7c7cf74f0 (webtiles) character file.

Game seed: 6649092859297973832

77 Kurtz the Chopper (level 4, 0/31 HPs)
             Began as an Octopode Fighter on Sept 23, 2023.
             Slain by Ijyb
             ... wielding a +0 club
              (2 damage)
             ... on level 3 of the Dungeon.
             The game lasted 00:01:10 (1384 turns).

Kurtz the Chopper (Octopode Fighter)                Turns: 1384, Time: 00:01:11

Health: 0/31       AC:  1    Str: 12 (15) XL:     4   Next: 33%
Magic:  4/4        EV: 10    Int:  7 (10) God:
Gold:   123        SH:  4    Dex: 12 (13) Spells: 3/3 levels left

rFire   . . .        d - +0 broad axe
rCold   . . .        b - +0 buckler
rNeg    . . .        (helmet restricted)
rPois   .            (no amulet)
rElec   .            (no ring)
rCorr   .            (no ring)
SInv    .            (no ring)
Will    .....        (no ring)
Stlth   ++           (no ring)
HPRegen 0.25/turn    (no ring)
MPRegen 0.09/turn    (no ring)
                     (no ring)

%: no passive effects
@: grasped by roots, constricted
A: almost no armour, amphibious, 8 rings, camouflage 1, gelatinous body 1,
(nimble swimmer 1), tentacles
a: no special abilities


You were on level 3 of the Dungeon.
You visited 1 branch of the dungeon, and saw 3 of its levels.

You collected 123 gold pieces.

Inventory:

Hand Weapons
 a - a +0 war axe
 d - a +0 broad axe (weapon)
Armour
 b - a +0 buckler (worn)
 k - an orb of mayhem
Scrolls
 e - 4 scrolls of identify {unknown}
 f - a scroll of vulnerability {unknown}
 g - a scroll of teleportation {unknown}
 l - 2 scrolls of enchant armour {unknown}
 m - a scroll of blinking {unknown}
 n - a scroll of fog {unknown}
Potions
 c - 2 potions of might
 i - a potion of attraction {unknown}
 j - 4 potions of curing {unknown}


   Skills:
 - Level 3.0 Fighting
 * Level 4.0 Axes
 + Level 3.3 Dodging
 + Level 3.2 Shields


You had 3 spell levels left.
You didn't know any spells.
Your spell library was empty.

Dungeon Overview and Level Annotations

Branches:
Dungeon (3/15)

Altars:
Elyvilon
Yredelemnul

Annotations:
D:3 Ijyb


Innate Abilities, Weirdness & Mutations

You cannot wear most types of armour.
You are amphibious.
You can wear up to eight rings at the same time.
Your skin changes colour to match your surroundings (Stealth+).
Your rubbery body absorbs attacks. (AC +1, EV +1)
((You are camouflaged when in or above water. (Stealth+)))
You have tentacles for arms and can constrict up to eight enemies at once.


Message History

You climb downwards.
Found an escape hatch in the ceiling.
There is a stone staircase leading up here.
Found 2 stones.
No target in view!
n - a scroll labelled LESHOO MUONTU No target in view!
No target in view!
No target in view!
Found a white marble altar of Elyvilon.
No target in view!
Found 8 stones.
No target in view!
Ijyb the Twisted Goblin comes into view.
She is wielding a +0 club and carrying a wand of roots.
Ijyb is nearby!
Ijyb shouts!
You closely miss Ijyb. Your grab misses Ijyb. You squeeze Ijyb.
Ijyb is lightly wounded.
Ijyb hits you with a +0 club.
You closely miss Ijyb. Your grab misses Ijyb. Your squeeze misses Ijyb.
Ijyb is lightly wounded.
Ijyb screams, "Me very upset!"
Ijyb zaps a wand.
The roots erupt in riotous growth!
The grasping roots grab you!
Ijyb is unaffected.
The grasping roots constrict you.
You hear an angry hiss.
Unknown command.
You hit Ijyb. Your grab misses Ijyb.
Ijyb is moderately wounded.
Ijyb hits you with a +0 club. The grasping roots constrict you!
Ijyb hits you with a +0 club.
* * * LOW HITPOINT WARNING * * *
The grasping roots constrict you.
* * * LOW HITPOINT WARNING * * *
It was a potion of degeneration.
There was something very wrong with that liquid.
You feel weakened.
You feel dopey.
You feel clumsy.
Ijyb screams, "Me very upset!"
Ijyb hits you with a +0 club.
You die...

######..##.##
#.......#...#
#######.##....#.♣.#
.......<##.#.##...#
######........##.##
.......###.#.#.#.#
####<.. #####(##.##
#.#.
#...###...###..
#.#. ♣@...._.....♣
# ..
#.g.###.(.###... ..
##### ##.## # ..
#.# #?# ... .♣. .#


You could see Ijyb.

Vanquished Creatures
  3 adders (D:2)
  A dart slug (D:2)
  6 ball pythons
  3 bats
  2 endoplasms (D:2)
  5 giant cockroaches
  3 goblins
  4 hobgoblins (D:2)
  4 jackals
  6 kobolds
  2 quokkas
  2 frilled lizards (D:2)
  2 rats (D:1)
43 creatures vanquished.

Notes
Turn   | Place    | Note
-------+----------+-------------------------------------------
     0 | D:1      | Kurtz the Octopode Fighter began the quest for the Orb.
     0 | D:1      | Reached XP level 1. HP: 16/16 MP: 1/1
   288 | D:1      | Reached XP level 2. HP: 14/21 MP: 2/2
   456 | D:1      | Reached skill level 3 in Axes
   770 | D:2      | Reached XP level 3. HP: 26/26 MP: 3/3
   812 | D:2      | Found a basalt altar of Yredelemnul.
  1121 | D:2      | Reached XP level 4. HP: 17/31 MP: 4/4
  1232 | D:2      | Reached skill level 4 in Axes
  1369 | D:3      | Found a white marble altar of Elyvilon.
  1375 | D:3      | Noticed Ijyb
  1384 | D:3      | Slain by Ijyb

Illustrated notes

Levels and vault maps discovered:
D:1:      mrwooster_arrival_statue_2, layout_basic
D:2:      layout_rooms, basic_altar
D:3:      cheibrodos_helix_gallery, layout_loops_ring, elyvilon_altar_1,
          uniq_ijyb

Skill      XL: |  1  2  3  4 |
---------------+-------------+-----
Axes           | 3 4 |  4.0
Fighting       | |  3.0
Dodging        | |  3.3
Shields        | |  3.2

Action                     |  1- 3 |  4- 6 || total
---------------------------+-------+-------++-------
  Melee: War axe           |     8 |       ||     8
         Broad axe         |    62 |     6 ||    68
         Tentacles         |    13 |     1 ||    14
         Constrict         |    17 |     2 ||    19
    Use: Potion            |       |     1 ||     1
   Stab: Sleeping          |     6 |     2 ||     8
 Armour: Skin              |    30 |     4 ||    34
  Dodge: Dodged            |    43 |     1 ||    44
  Block: Buckler           |    15 |       ||    15

Table legend: (Time is in decaauts)
 A = Elapsed time spent in this place.
 B = Non-inter-level travel time spent in this place.
 C = Inter-level travel time spent in this place.
 D = Time resting spent in this place.
 E = Time spent auto-exploring this place.
 F = Levels seen in this place.
 G = Mean time per level.
                   A        B        C        D        E       F      G
               +--------+--------+--------+--------+--------+-----+--------+
         Total |   1417 |   1376 |     41 |    174 |    924 |   3 |  472.3 |
       Dungeon |   1417 |   1376 |     41 |    174 |    924 |   3 |  472.3 |
               +--------+--------+--------+--------+--------+-----+--------+

Top non-repeatable levels by time:
     D:1: 767 daAuts
     D:2: 617 daAuts
     D:3: 33 daAuts
